 Dungeon Crawl Stone Soup version 0.30-b1-2-g02819fbbbe (webtiles) character file.

Game seed: 10693297910500581558

18266 raph the Arsonist (level 12, -2/69 HPs)
             Began as a Deep Elf Fire Elementalist on June 8, 2023.
             Was a High Priest of Sif Muna.
             Slain by a death yak (19 damage)
             ... in an ice cave.
             The game lasted 00:32:27 (20731 turns).

raph the Arsonist (Deep Elf Fire Elementalist)     Turns: 20731, Time: 00:32:27

Health: -2/69      AC:  9    Str:  7    XL:     12   Next: 26%
Magic:  1/27       EV: 17    Int: 30    God:    Sif Muna [*****.]
Gold:   632        SH:  5    Dex: 18    Spells: 1/30 levels left

rFire   + . .        n - +7 dagger "Voolofos" {heavy, *Rage Int+6 Stlth+}
rCold   + . .        x - +0 buckler
rNeg    + . .        a - +1 robe
rPois   +            u - +1 helmet
rElec   .            K - +2 cloak
rCorr   .            (no gloves)
SInv    .            I - +0 pair of boots
Will    +....        A - amulet of faith
Stlth   ++++         g - ring "Ostroep" {rC+ Dex+3}
HPRegen 0.31/turn    j - ring "Pylaurph" {Wiz *Slow rPois rF+ rN+}
MPRegen 0.20/turn

%: random rage (20%), slow self (1%), faith, wizardry (x1)
@: no status effects
A: no striking features
a: Renounce Religion, Channel Magic, Forget Spell, Divine Exegesis


You were in an ice cave.
You worshipped Sif Muna.
Sif Muna was extremely pleased with you.
You visited 3 branches of the dungeon, and saw 13 of its levels.
You also visited: Sewer and Ice Cave.

You collected 740 gold pieces.
You spent 108 gold pieces at shops.

Inventory:

Hand Weapons
 d - a +1 dagger of flaming
 n - the +7 dagger "Voolofos" (weapon) {heavy, *Rage Int+6 Stlth+}
   (You found it on level 2 of the Dungeon)

   Int:       It affects your intelligence (+6).
   *Rage:     It berserks you when you make melee attacks (+20% chance).
   Stlth:     It makes you more stealthy.
 C - a +0 short sword of venom
Missiles
 c - 40 poisoned darts
 i - 4 throwing nets
 o - 3 datura-tipped darts
 E - a curare-tipped dart
Armour
 a - a +1 robe (worn)
 u - a +1 helmet (worn)
 x - a +0 buckler (worn)
 y - the +5 robe of Ru's Wrath {rElec rC- Int-3 Dex+8}
   (You took it off a kobold on level 6 of the Dungeon)

   Int:       It affects your intelligence (-3).
   Dex:       It affects your dexterity (+8).
   rC:        It makes you vulnerable to cold.
   rElec:     It insulates you from electricity.
 I - a +0 pair of boots (worn)
 K - a +2 cloak (worn)
Jewellery
 g - the ring "Ostroep" (left hand) {rC+ Dex+3}
   (You found it on level 2 of the Dungeon)

   [ring of protection from cold]

   Dex:       It affects your dexterity (+3).
   rC:        It protects you from cold.
 j - the ring "Pylaurph" (right hand) {Wiz *Slow rPois rF+ rN+}
   (You found it on level 2 of the Dungeon)

   [ring of wizardry]

   It improves your spell success rate.
   rF:        It protects you from fire.
   rPois:     It protects you from poison.
   rN:        It protects you from negative energy.
   *Slow:     It may slow you when you take damage.
 A - an amulet of faith (around neck)
 F - a +5 ring of evasion
 L - an amulet of regeneration
Wands
 q - a wand of polymorph (10)
 t - a wand of flame (14)
 v - a wand of paralysis (10)
 H - a wand of iceblast (6)
Scrolls
 m - 3 scrolls of poison
 s - a scroll of amnesia
 w - a scroll of teleportation
 B - 2 scrolls of magic mapping
 J - a scroll of identify
Potions
 b - 3 potions of magic
 e - a potion of resistance
 f - 7 potions of curing
 h - a potion of heal wounds
 k - 4 potions of haste
 l - a potion of lignification
 p - 4 potions of brilliance
 r - 3 potions of might
 z - a potion of invisibility
 D - 3 potions of mutation
 G - 2 potions of attraction


   Skills:
 + Level 5.8 Fighting
 + Level 8.8 Dodging
 + Level 6.1 Stealth
 + Level 3.8 Shields
 + Level 9.8 Spellcasting
 + Level 7.8 Conjurations
 - Level 8.6 Hexes
 - Level 4.6 Necromancy
 - Level 11.4 Fire Magic
 + Level 2.3 Ice Magic
 + Level 2.1 Air Magic
 * Level 1.9 Invocations


You had one spell level left.
You knew the following spells:

 Your Spells              Type           Power      Damage    Failure   Level
a - Foxfire               Conj/Fire      100%       2x1d9     1%          1
b - Scorch                Fire           100%       2d9       1%          2
c - Inner Flame           Hex/Fire       66%        N/A       1%          3
d - Flame Wave            Conj/Fire      64%        2d15      1%          4
e - Blink                 Tloc           28%        N/A       3%          2
f - Stone Arrow           Conj/Erth      76%        3d11      1%          3
g - Anguish               Hex/Necr       26%        N/A       1%          4
h - Fireball              Conj/Fire      32%        3d14      1%          5
i - Freezing Cloud        Conj/Ice/Air   19%        6-21      12%         5

Your spell library contained the following spells:

 Spells                   Type           Power      Damage    Failure   Level
 Freeze                   Ice            100%       1d10      1%          1
 Sandblast                Erth           28%        2d8       2%          1
 Ensorcelled Hibernation  Hex/Ice        94%        N/A       1%          2
 Momentum Strike          Conj/Tloc      76%        3d10      1%          2
 Hailstorm                Conj/Ice       45%        3d10      1%          3
 Mephitic Cloud           Conj/Pois/Air  34%        N/A       1%          3
 Portal Projectile        Hex/Tloc       80%        N/A       1%          3
 Tukima's Dance           Hex            61%        N/A       1%          3
 Volatile Blastmotes      Fire/Tloc      96%        2d18      1%          3
 Poisonous Vapours        Pois/Air       42%        N/A       2%          2
 Frozen Ramparts          Ice            56%        1d9       2%          3
 Call Imp                 Summ           28%        N/A       3%          2
 Lesser Beckoning         Tloc           28%        N/A       3%          2
 Passwall                 Tmut/Erth      11%        N/A       3%          2
 Vhi's Electric Charge    Tloc/Air       42%        N/A       4%          3
 Spider Form              Tmut/Pois      14%        N/A       7%          3
 Arcjolt                  Conj/Air       22%        1d32      9%          5
 Summon Mana Viper        Hex/Summ       40%        N/A       11%         5
 Yara's Violent Unravell  Hex/Tmut       20%        3d9       11%         5
 Plasma Beam              Fire/Air       26%        2x1d42    21%         6
 Animate Armour           Summ/Erth      28%        N/A       22%         4
 Olgreb's Toxic Radiance  Pois           14%        N/A       22%         4
 Enfeeble                 Hex            30%        N/A       45%         7
 Blade Hands              Tmut           7%         N/A       50%         5
 Ignition                 Fire           35%        3d11      77%         8
 Discord                  Hex            30%        N/A       98%         8


Dungeon Overview and Level Annotations

Branches:
Dungeon (9/15)             Temple (1/1) D:5            Lair (3/5) D:9
 Shoals (0/4) Lair:2          Orc (0/2) D:9           Sewer (visited)
  IceCv (1/1)
  Snake: Lair:2-3    Spider: Lair:2-3

Altars:
Ashenzari
Cheibriados
Dithmenos
Elyvilon
Fedhas
Gozag
Hepliaklqana
Kikubaaqudgha
Makhleb
Nemelex Xobeh
Okawaru
Ru
Sif Muna
Trog
Uskayaw
Vehumet
Wu Jian
Xom
Yredelemnul
Zin
The Shining One

Shops:
D:1 :   D:3 *

Annotations:
D:9 2 runed translucent doors
Temple 4 transporters


Message History

The death yak is burned terribly!
The death yak is severely wounded.
The flame wave engulfs the death yak!
The death yak is lightly wounded.
A yak comes into view.
You block the death yak's attack.
A wave of flame ripples out!
The flame wave engulfs the death yak!
The death yak is burned terribly!
The death yak is severely wounded.
The flame wave engulfs the death yak!
The death yak is moderately wounded.
The flame wave engulfs the yak!!
The yak is heavily wounded.
You finish channelling waves of flame.
You hear an angry growl.
You block the death yak's attack.
You hear a bellow!
You block the death yak's attack.
You fail to use your ability.
The death yak gores you!!
The death yak is no longer more vulnerable to fire.
Casting: Flame Wave (safe; 1% risk of failure)
Confirm with . or Enter, or press ? or * to list all spells.
Casting: Anguish (dangerous; 1% risk of failure)
Press: ? - help, Dir - look around, f - activate The death yak resists with some effort.
The death yak resists with almost no effort.
The yak is haunted by guilt!
The death yak gores you.
* * * LOW HITPOINT WARNING * * *
The death yak barely misses you. The death yak attacks as you move away!
The death yak gores you.
* * * LOW HITPOINT WARNING * * *
The death yak attacks as you move away! The death yak barely misses you.
Casting: Anguish (dangerous; 1% risk of failure)
Confirm with . or Enter, or press ? or * to list all spells.
You don't have enough magic to cast this spell.
The death yak attacks as you move away! You block the death yak's attack.
You see here a polar bear skeleton.
The death yak attacks as you move away! The death yak closely misses you.
The death yak attacks as you move away! The death yak gores you!!
You die...

##.###..#
#....#..#
##......#
##..###...#
##..##
##.##
#.Y.#######
##Y.###.#∩#
#.Y###....#
#.@#......#
#.......∩#
##...#####
#####


You could see 2 death yaks and a yak (anguished).

Vanquished Creatures
  A boulder beetle (D:7)
  2 tengu warriors (D:9)
  2 manticores
  A black mamba (Lair:1)
  3 cane toads
  Psyche (D:8)
  3 komodo dragons
  2 rime drakes (Lair:2)
  2 trolls (D:9)
  A polar bear (IceCv)
  6 blink frogs
  A wind drake (Lair:2)
  A hornet (D:9)
  Sigmund (D:4)
  3 wraiths
  2 basilisks
  18 yaks
  3 steam dragons
  Duvessa (D:7)
  8 water moccasins
  A sky beast (D:8)
  2 orc warriors
  3 ice beasts
  3 centaurs
  3 ogres
  14 wolves
  A phantom (D:7)
  7 kobold brigands
  7 bullfrogs
  A gnoll sergeant (D:9)
  3 scorpions
  Dowan (D:7)
  25 killer bees
  10 howler monkeys
  An electric eel (Lair:2)
  A hound (D:6)
  2 orc priests (D:9)
  A jelly (D:5)
  2 iguanas
  Ijyb (D:5)
  9 orc wizards
  20 gnolls
  6 adders
  4 river rats
  A shadow imp (D:6)
  A white imp (D:6)
  An ufetubus (D:6)
  4 worms
  A dart slug (D:4)
  40 orcs
  2 bats (D:2)
  3 endoplasms
  3 giant cockroaches
  8 goblins
  11 hobgoblins
  13 jackals (D:5)
  37 kobolds
  3 quokkas
  14 ball pythons
  5 frilled lizards
  3 rats
340 creatures vanquished.

Vanquished Creatures (collateral kills)
  19 foxfires
19 creatures vanquished.

Vanquished Creatures (others)
  2 yaks (Lair:1)
  788 foxfires
  8 fungi
  68 plants
866 creatures vanquished.

Grand Total: 1225 creatures vanquished

Notes
Turn   | Place    | Note
-------+----------+-------------------------------------------
     0 | D:1      | raph the Deep Elf Fire Elementalist began the quest for the
                  | Orb.
     0 | D:1      | Reached XP level 1. HP: 10/10 MP: 6/6
   230 | D:1      | Reached XP level 2. HP: 12/15 MP: 5/8
   231 | D:1      | Reached skill level 4 in Fire Magic
   537 | D:1      | Learned a level 2 spell: Scorch
  1151 | D:1      | Found Mikiusm's Book Emporium.
  1827 | D:2      | Found a faded altar of an unknown god.
  1834 | D:2      | Identified the ring "Ostroep" {rC+ Dex+3}
  1903 | D:2      | Reached XP level 3. HP: 19/19 MP: 3/9
  1904 | D:2      | Identified the ring "Pylaurph" {Wiz *Slow rPois rF+ rN+}
  1931 | D:2      | Learned a level 3 spell: Inner Flame
  2040 | D:2      | Identified the +7 dagger "Voolofos" {heavy, *Rage Int+6
                  | Stlth+}
  3168 | D:3      | Found a sparkling altar of Nemelex Xobeh.
  3272 | D:3      | Found Akhlient's Assorted Antiques.
  3280 | D:3      | Bought a scroll of identify for 54 gold pieces
  3280 | D:3      | Bought a scroll of identify for 54 gold pieces
  3316 | D:3      | Found a shimmering blue altar of Sif Muna.
  3460 | D:3      | Became a worshipper of Sif Muna the Loreminder
  3741 | D:4      | Reached skill level 1 in Hexes
  3741 | D:4      | Reached skill level 5 in Fire Magic
  3741 | D:4      | Reached XP level 4. HP: 24/24 MP: 6/11
  3858 | D:4      | Noticed Sigmund
  3863 | D:4      | Killed Sigmund
  3864 | D:4      | Reached skill level 1 in Fighting
  3864 | D:4      | Reached XP level 5. HP: 29/29 MP: 2/12
  3869 | D:4      | Learned a level 4 spell: Flame Wave
  4101 | D:4      | Found a glowing golden altar of the Shining One.
  4107 | D:4      | Reached XP level 6. HP: 34/34 MP: 6/14
  4890 | D:4      | Reached skill level 6 in Fire Magic
  5161 | D:5      | Entered Level 5 of the Dungeon
  5195 | D:5      | Learned a level 2 spell: Blink
  5214 | D:5      | Noticed Ijyb
  5218 | D:5      | Killed Ijyb
  5296 | D:5      | Found a shadowy altar of Dithmenos.
  5307 | D:5      | Reached XP level 7. HP: 39/39 MP: 11/15
  5334 | D:5      | Found a staircase to the Ecumenical Temple.
  5336 | D:5      | Found a snail-covered altar of Cheibriados.
  5406 | D:5      | Reached * piety under Sif Muna
  6350 | Temple   | Entered the Ecumenical Temple
  6350 | Temple   | Found a transporter.
  6350 | Temple   | Found a transporter.
  6515 | Temple   | Found a transporter.
  6515 | Temple   | Found a transporter.
  6710 | D:5      | Learned a level 3 spell: Stone Arrow
  6857 | D:5      | Reached skill level 5 in Spellcasting
  6902 | D:5      | Reached ** piety under Sif Muna
  7622 | D:5      | Reached skill level 7 in Fire Magic
  7622 | D:5      | Reached XP level 8. HP: 45/45 MP: 11/18
  8125 | D:6      | Found a hazy altar of Hepliaklqana.
  8372 | D:6      | Found a glowing drain.
  8463 | Sewer    | Entered a sewer
  8808 | Sewer    | Reached *** piety under Sif Muna
  8809 | Sewer    | Reached skill level 5 in Dodging
  9571 | Sewer    | Reached skill level 5 in Hexes
  9721 | D:6      | Reached skill level 8 in Fire Magic
  9776 | D:6      | Identified a scroll of acquirement
  9776 | D:6      | Acquired the Unrestrained Analects
 10131 | D:6      | Identified the +5 robe of Ru's Wrath {rElec rC- Int-3
                  | Dex+8}
 10691 | D:7      | Found a radiant altar of Vehumet.
 10691 | D:7      | Found an iron altar of Okawaru.
 10733 | D:7      | Reached XP level 9. HP: 51/51 MP: 12/20
 10788 | D:7      | Reached **** piety under Sif Muna
 10910 | D:7      | Learned a level 4 spell: Anguish
 10913 | D:7      | Learned a level 2 spell: Ensorcelled Hibernation
 11200 | D:7      | Reached skill level 5 in Conjurations
 11536 | D:7      | Noticed a boulder beetle
 11859 | D:7      | Killed a boulder beetle
 11860 | D:7      | Reached skill level 9 in Fire Magic
 12255 | D:7      | Noticed Dowan
 12263 | D:7      | Noticed Duvessa
 12264 | D:7      | Killed Dowan
 12524 | D:7      | Killed Duvessa
 12855 | D:8      | Found an opulent altar of Gozag.
 12934 | D:8      | Reached XP level 10. HP: 54/57 MP: 12/23
 13156 | D:8      | Noticed Psyche
 13162 | D:8      | Killed Psyche
 13163 | D:8      | Reached skill level 1 in Necromancy
 13164 | D:8      | Reached skill level 1 in Shields
 14293 | D:9      | Reached ***** piety under Sif Muna
 14294 | D:9      | Reached skill level 10 in Fire Magic
 14397 | D:9      | Found a staircase to the Orcish Mines.
 14496 | D:9      | Found a hide-covered altar of Uskayaw.
 14496 | D:9      | Noticed a +0 dagger
 14497 | D:9      | Noticed a +0 spear
 14497 | D:9      | Noticed a +0 falchion
 14517 | D:9      | Received a gift from Sif Muna
 14838 | D:9      | Noticed a +0 short sword
 14838 | D:9      | Noticed a +0 dagger
 14839 | D:9      | Noticed a +0 falchion
 14840 | D:9      | Noticed a +0 spear
 14843 | D:9      | Noticed a +0 short sword
 15228 | D:9      | Found a runed translucent door.
 15229 | D:9      | Found a runed translucent door.
 15370 | D:9      | Reached XP level 11. HP: 30/62 MP: 1/25
 15511 | D:9      | Reached skill level 5 in Fighting
 15512 | D:9      | Noticed a tengu warrior
 15809 | D:9      | Noticed a tengu warrior
 15812 | D:9      | Killed a tengu warrior
 15820 | D:9      | Killed a tengu warrior
 15823 | D:9      | Noticed a two-headed ogre
 16056 | D:9      | Noticed a catoblepas
 16486 | D:9      | Found an ancient bone altar of Kikubaaqudgha.
 16586 | D:9      | Found a staircase to the Lair.
 16595 | Lair:1   | Entered Level 1 of the Lair of Beasts
 16769 | Lair:1   | Reached skill level 11 in Fire Magic
 17379 | Lair:1   | Reached skill level 5 in Stealth
 18531 | Lair:1   | Learned a level 5 spell: Freezing Cloud
 18572 | Lair:2   | Reached skill level 1 in Air Magic
 18976 | Lair:2   | Reached skill level 1 in Ice Magic
 19387 | Lair:2   | Reached XP level 12. HP: 68/68 MP: 21/27
 19494 | Lair:2   | Reached skill level 1 in Invocations
 19495 | Lair:2   | Received a gift from Sif Muna
 19502 | Lair:2   | Got Sif Muna's Directory of Oxidation and Phantasms {god
                  | gift}
 19749 | Lair:2   | Learned a level 5 spell: Fireball
 20028 | Lair:2   | Found a staircase to the Shoals.
 20336 | Lair:3   | Found a frozen archway.
 20355 | IceCv    | Entered an ice cave
 20711 | IceCv    | Noticed a death yak
 20715 | IceCv    | Noticed a death yak
 20731 | IceCv    | Slain by a death yak

Illustrated notes

Levels and vault maps discovered:
D:1:      dpeg_arrival_morbid_curiosity, layout_loops_ring, serial_shops,
          nicolae_shop_getting_attention, serial_forest,
          infiniplex_forest_lined_3, infiniplex_forest_lined_room_,
          infiniplex_forest_lined_2, infiniplex_forest_clump_tiny,
          infiniplex_forest_lined_3, infiniplex_forest_lined_1,
          infiniplex_forest_clump_curved, infiniplex_forest_clump_small,
          infiniplex_forest_straight_2, infiniplex_forest_clump_double,
          serial_bayou_lagoon_a, minmay_split_cup_small
D:2:      layout_basic, ebering_ecumenical_altar_box
D:3:      layout_basic, nemelex_diamond_rough_becter, kennysheep_orc_sif_temple,
          serial_shops, nicolae_shop_peninsula
D:4:      wander_river, layout_layer_cave, mainiacjoe_overflow_small_starburst,
          uniq_sigmund
D:5:      lemuel_castle_with_subvaults [lemuel_castle_interior_original],
          layout_basic, mainiacjoe_overflow_tiny_flanked, amcnicky_altar_gilded,
          minmay_temple_entry_drinking_statues, uniq_ijyb
D:6:      kennysheep_kobold_camp, layout_rooms,
          nicolae_hepliaklqana_hippocampus, gup_sewer_entry_bubbles,
          kennysheep_potato
D:7:      layout_loops_cross, gammafunk_temple_overflow_wave, enter_bailey_2,
          uniq_duvessa
D:8:      layout_basic, nicolae_overflow_hidden_temple, uniq_psyche
D:9:      minmay_the_grid_triangle_9x9_recursive_2_mashed
          [minmay_the_grid_triangle_9x9_prize_schism,
          minmay_the_grid_triangle_9x9_steps,
          minmay_the_grid_triangle_9x9_fully_insulated_deathbox,
          minmay_the_grid_triangle_9x9_empty], layout_loops_corners,
          nicolae_uskayaw_en_pointe, kiku_gazebo_pond_becter,
          minmay_fractal_squares_5
Temple:   hellmonk_temple_divided_pantheon
Lair:1:   layout_chaotic_city
Lair:2:   layout_gridlike, minmay_shoals_entry_beasts, serial_bayou_shore_a,
          grunt_megastairs_2
Lair:3:   layout_roguey, nicolae_spider_entry_lesser_pyramids,
          portal_ice_cave_entry_pillars_2, beast_lair_carwin_6
IceCv:    ice_cave_caverns_03

Skill      XL: |  1  2  3  4  5  6  7  8  9 10 11 12 |
---------------+-------------------------------------+-----
Fire Magic     | 4 5 6 7 8 9 10 11 | 11.4
Hexes          | 1 2 4 5 6 7 8 |  8.6
Fighting       | 1 2 3 4 5 |  5.8
Dodging        | 3 4 5 6 7 8 |  8.8
Conjurations   | 2 3 4 5 6 7 |  7.8
Spellcasting   | 4 5 6 7 8 9 |  9.8
Necromancy     | 3 4 |  4.6
Shields        | 2 3 |  3.8
Stealth        | 3 5 6 |  6.1
Air Magic      | 1 2 |  2.1
Ice Magic      | 1 2 |  2.3
Invocations    | 1 |  1.9

Action                     |  1- 3 |  4- 6 |  7- 9 | 10-12 || total
---------------------------+-------+-------+-------+-------++-------
  Melee: Unarmed           |     2 |       |       |       ||     2
         Dagger            |       |     4 |     5 |    15 ||    24
         Punch             |       |       |     1 |       ||     1
  Throw: Dart              |       |       |     2 |       ||     2
         Throwing net      |       |       |     1 |       ||     1
   Cast: Foxfire           |    74 |    28 |   273 |   105 ||   480
         Scorch            |    21 |    11 |    65 |    62 ||   159
         Stone Arrow       |       |       |    24 |    10 ||    34
         Inner Flame       |       |       |     7 |     5 ||    12
         Flame Wave        |       |       |     9 |    39 ||    48
         Ensorcelled Hiber |       |       |     5 |       ||     5
         Blink             |       |       |     1 |     4 ||     5
         Anguish           |       |       |       |     7 ||     7
         Freezing Cloud    |       |       |       |     7 ||     7
         Fireball          |       |       |       |     7 ||     7
 Invoke: Channel Magic     |       |       |       |     3 ||     3
  Evoke: Wand              |       |       |       |     1 ||     1
    Use: Scroll            |    11 |     7 |     7 |     8 ||    33
         Potion            |       |       |     2 |     1 ||     3
   Stab: Sleeping          |       |       |     1 |     1 ||     2
 Armour: Robe              |    10 |       |     7 |    45 ||    62
  Dodge: Dodged            |    36 |     7 |    27 |   147 ||   217
  Block: Buckler           |       |       |       |    48 ||    48
